 Dungeon Crawl Stone Soup version 0.30.0-5-g1a98f26d00 (webtiles) character file.

Game seed: 577366553548208526

540 croobank the Firebug (level 7, 0/52 HPs)
             Began as a Human Fire Elementalist on May 9, 2023.
             Slain by a bullfrog zombie (5 damage)
             ... in an ossuary on May 10, 2023.
             The game lasted 00:33:48 (4735 turns).

croobank the Firebug (Human Fire Elementalist)      Turns: 4735, Time: 00:33:49

Health: 0/52       AC: 13    Str:  8    XL:     7   Next: 51%
Magic:  5/11       EV: 13    Int: 17    God:
Gold:   212        SH:  0    Dex: 14    Spells: 6/12 levels left

rFire   + . .        a - +1 dagger (protect)
rCold   + . .        (no shield)
rNeg    . . .        n - +0 robe
rPois   +            y - +0 helmet
rElec   +            (no cloak)
rCorr   +            (no gloves)
SInv    .            A - +2 pair of boots {Stlth+}
Will    .....        l - amulet of regeneration
Stlth   +++          (no ring)
HPRegen 1.08/turn    (no ring)
MPRegen 0.12/turn

%: no passive effects
@: resistant, under a protective aura
A: no striking features
a: no special abilities


You were in an ossuary.
You visited 1 branch of the dungeon, and saw 5 of its levels.
You also visited: Ossuary.

You collected 212 gold pieces.

Inventory:

Hand Weapons
 a - a +1 dagger of protection (weapon)
 b - a +0 sling
 f - a +0 club
 s - a +0 war axe
 u - a +1 rapier of flaming
Missiles
 d - 20 poisoned darts
 m - 6 javelins
 q - 2 boomerangs
Armour
 n - a +0 robe (worn)
 p - a +0 buckler
 r - a +0 ring mail
 x - a +0 leather armour
 y - a +0 helmet (worn)
 A - a +2 pair of boots of stealth (worn)
Jewellery
 l - an amulet of regeneration (around neck)
 B - a ring of ice
Wands
 g - a wand of polymorph (4)
 C - a wand of roots (9)
 D - a wand of paralysis (11)
Scrolls
 h - a scroll of fear
 k - a scroll of vulnerability
 o - 3 scrolls of teleportation
Potions
 e - 4 potions of curing
 i - a potion of invisibility
 j - 5 potions of lignification
 t - a potion of magic
 v - 2 potions of resistance
 w - a potion of heal wounds {unknown}
 z - 2 potions of attraction {unknown}


   Skills:
 * Level 3.3 Fighting
 + Level 3.2 Dodging
 + Level 3.6 Stealth
 + Level 2.0 Shields
 + Level 3.1 Spellcasting
 + Level 2.6 Conjurations
 + Level 4.0 Fire Magic


You had 6 spell levels left.
You knew the following spells:

 Your Spells              Type           Power      Damage    Failure   Level
a - Foxfire               Conj/Fire      56%        2x1d6     4%          1
b - Scorch                Fire           32%        2d6       4%          2
c - Inner Flame           Hex/Fire       9%         N/A       22%         3

Your spell library contained the following spells:

 Spells                   Type           Power      Damage    Failure   Level
 Volatile Blastmotes      Fire/Tloc      18%        2d11      22%         3
 Lesser Beckoning         Tloc           4%         N/A       26%         2
 Sublimation of Blood     Necr           2%         N/A       26%         2
 Flame Wave               Conj/Fire      14%        2d6       41%         4
 Sticky Flame             Conj/Fire      14%        2d4       41%         4
 Gell's Gravitas          Tloc           2%         N/A       45%         3
 Ozocubu's Armour         Ice            2%         N/A       45%         3
 Teleport Other           Tloc           2%         N/A       45%         3
 Fireball                 Conj/Fire      7%         3d5       77%         5
 Petrify                  Tmut/Erth      2%         N/A       86%         4
 Irradiate                Conj/Tmut      3%         3d12      95%         5
 Metabolic Englaciation   Hex/Ice        1%         N/A       99%         5
 Plasma Beam              Fire/Air       4%         2x1d16    100%        6
 Simulacrum               Ice/Necr       1%         N/A       100%        6
 Starburst                Conj/Fire      7%         6d4       100%        6


Dungeon Overview and Level Annotations

Branches:
Dungeon (5/15)            Ossuary (1/1)
 Temple: D:4-7

Altars:

Annotations:
D:4 Edmund


Message History

The water moccasin zombie barely misses you.
The mummy completely misses you.
You hit the mummy but do no damage.
The centaur zombie hits you but does no damage.
The centaur zombie closely misses you. The bullfrog zombie closely misses you.
The hornet zombie misses you. The centaur zombie barely misses you.
The centaur zombie kicks you but does no damage.
The water moccasin zombie bites you but does no damage.
You hit the mummy.
The mummy is lightly damaged.
The bullfrog zombie barely misses you.
The hornet zombie hits you but does no damage.
The centaur zombie closely misses you.
The centaur zombie kicks you but does no damage.
The water moccasin zombie misses you. The mummy hits you.
* * * LOW HITPOINT WARNING * * *
You feel better. The bullfrog zombie barely misses you.
The hornet zombie hits you but does no damage.
The centaur zombie hits you. The centaur zombie closely misses you.
The water moccasin zombie bites you.
* * * LOW HITPOINT WARNING * * *
The bullfrog zombie hits you but does no damage.
It was a potion of cancellation.
You feel magically purged. The hornet zombie barely misses you.
The centaur zombie hits you but does no damage.
The centaur zombie kicks you but does no damage.
The water moccasin zombie bites you but does no damage.
The mummy hits you.
* * * LOW HITPOINT WARNING * * *
The bullfrog zombie hits you.
* * * LOW HITPOINT WARNING * * *
The hornet zombie hits you.
* * * LOW HITPOINT WARNING * * *
The centaur zombie hits you but does no damage.
The centaur zombie kicks you but does no damage.
It was a potion of resistance.
You feel protected.
The water moccasin zombie closely misses you.
The bullfrog zombie hits you.
You die...

## ## #. .#
#+#'#'#+#'#+#
+~..........M
#.##'##+##+##
#.Z.#


#ZZZ# #Z@M# ##### You could see a mummy, a water moccasin zombie, 2 bullfrog
zombies, a hornet zombie and a centaur zombie.

Vanquished Creatures
  Sigmund (D:5)
  A black bear (D:4)
  2 hounds (D:5)
  5 mummies (Ossuary)
  6 adders
  3 dart slugs
  3 orcs
  8 ball pythons
  5 bats
  6 endoplasms
  4 giant cockroaches
  7 goblins
  6 hobgoblins
  4 quokkas
  4 frilled lizards
  8 kobolds
  4 rats
77 creatures vanquished.

Vanquished Creatures (others)
  204 foxfires
204 creatures vanquished.

Grand Total: 281 creatures vanquished

Notes
Turn   | Place    | Note
-------+----------+-------------------------------------------
     0 | D:1      | croobank the Human Fire Elementalist began the quest for
                  | the Orb.
     0 | D:1      | Reached XP level 1. HP: 13/13 MP: 3/3
   112 | D:1      | Reached XP level 2. HP: 15/19 MP: 1/5
   115 | D:1      | Learned a level 2 spell: Scorch
   597 | D:1      | Reached XP level 3. HP: 24/24 MP: 3/6
  1369 | D:2      | Reached XP level 4. HP: 30/31 MP: 0/7
  2464 | D:3      | Reached skill level 1 in Fighting
  3269 | D:4      | Reached XP level 5. HP: 37/37 MP: 4/8
  3363 | D:4      | Noticed Edmund
  3423 | D:4      | Noticed a black bear
  3448 | D:4      | Killed a black bear
  3449 | D:4      | Reached skill level 1 in Shields
  3449 | D:4      | Reached XP level 6. HP: 14/44 MP: 1/10
  4239 | D:4      | Learned a level 3 spell: Inner Flame
  4261 | D:5      | Entered Level 5 of the Dungeon
  4564 | D:5      | Noticed Sigmund
  4570 | D:5      | Killed Sigmund
  4571 | D:5      | Reached XP level 7. HP: 48/52 MP: 4/11
  4671 | D:5      | Found a sand-covered staircase.
  4675 | Ossuary  | Entered an ossuary
  4701 | Ossuary  | Reached skill level 4 in Fire Magic
  4735 | Ossuary  | Slain by a bullfrog zombie

Illustrated notes

Levels and vault maps discovered:
D:1:      lightli_arrival_quake, layout_rooms
D:2:      layout_rooms
D:3:      layout_basic
D:4:      layout_rooms, kennysheep_cluttered_room, dk_noncrumbling_3,
          uniq_edmund
D:5:      layout_basic, enter_ossuary_5, serial_corexii_hall,
          corexii_hall_statues_t, corexii_hall_statues_s, uniq_sigmund
Ossuary:  ossuary_zaba_flooded

Skill      XL: |  1  2  3  4  5  6  7 |
---------------+----------------------+-----
Fighting       | 1 2 3 |  3.3
Stealth        | 3 |  3.6
Shields        | 1 2 |  2.0
Conjurations   | 2 |  2.6
Dodging        | 3 |  3.2
Spellcasting   | 3 |  3.1
Fire Magic     | 4 |  4.0

Action                     |  1- 3 |  4- 6 |  7- 9 || total
---------------------------+-------+-------+-------++-------
  Melee: Unarmed           |     3 |       |       ||     3
         Club              |     1 |       |       ||     1
         Dagger            |       |    18 |    38 ||    56
         Punch             |       |       |     2 ||     2
   Cast: Foxfire           |    37 |    84 |     4 ||   125
         Scorch            |    10 |    17 |     4 ||    31
    Use: Scroll            |       |    11 |       ||    11
         Potion            |       |     1 |     4 ||     5
   Stab: Invisible         |       |       |     4 ||     4
 Armour: Robe              |     2 |    24 |    38 ||    64
  Dodge: Dodged            |    12 |    34 |    67 ||   113
